 Dungeon Crawl Stone Soup version 0.26-a0-812-g31a745ddcd (webtiles) character file.

Game seed: 13455872641585684649

136 mkm the Digger (level 5, -2/28 HPs)
             Began as a Gargoyle Earth Elementalist on Dec 2, 2020.
             Slain by Sigmund
             ... wielding a +0 scythe
              (9 damage)
             ... on level 3 of the Dungeon.
             The game lasted 00:10:03 (2822 turns).

mkm the Digger (Gargoyle Earth Elementalist)        Turns: 2822, Time: 00:10:04

Health: -2/28      AC:  6    Str: 12    XL:     5   Next: 19%
Magic:  2/10       EV: 12    Int: 16    God:
Gold:   55         SH:  0    Dex: 10    Spells: 6/10 levels left

rFire    . . .     SeeInvis .   k - +2 dagger (drain)
rCold    . . .     Faith    .   (no shield)
rNeg     + . .     Spirit   .   c - +0 robe
rPois    ∞         Reflect  .   (no helmet)
rElec    +         Harm     .   (no cloak)
rCorr    .         Rampage  .   (no gloves)
MR       .....                  (no boots)
Stlth    ++........             (no amulet)
HPRegen  0.09/turn              (no ring)
MPRegen  0.12/turn              (no ring)

@: no status effects
A: negative energy resistance 1, electricity resistance, unbreathing,
petrification resistance, rot immunity, AC +4
a: no special abilities


You were on level 3 of the Dungeon.
You visited 1 branch of the dungeon, and saw 3 of its levels.

You collected 55 gold pieces.

Inventory:

Hand Weapons
 k - a +2 dagger of draining (weapon)
Missiles
 b - 89 stones (quivered)
Armour
 c - a +0 robe (worn)
Jewellery
 j - a +4 ring of evasion {unknown}
Scrolls
 a - 3 scrolls of remove curse {unknown}
 d - a scroll of magic mapping {unknown}
 f - a scroll of enchant weapon {unknown}
 i - a scroll of identify {unknown}
 l - 4 scrolls of immolation {unknown}
 m - a scroll of enchant armour {unknown}
Potions
 e - 3 potions of curing {unknown}
 g - a potion of lignification {unknown}
 h - a potion of haste {unknown}


   Skills:
 - Level 1.5 Dodging
 - Level 2.1 Stealth
 + Level 3.3 Spellcasting
 + Level 2.1 Conjurations
   Level 0.7 Transmutations
 + Level 5.1 Earth Magic


You had 6 spell levels left.
You knew the following spells:

 Your Spells              Type           Power        Failure   Level
a - Sandblast             Erth           ###...       2%          1
b - Stone Arrow           Conj/Erth      ##....       12%         3

Your spell library contained the following spells:

 Spells                   Type           Power        Failure   Level
 Passwall                 Tmut/Erth      ##......     9%          2
 Petrify                  Tmut/Erth      ##......     47%         4
 Lee's Rapid Deconstruct  Erth           ###.......   52%         5


Dungeon Overview and Level Annotations

Branches:
Dungeon (3/15)

Altars:

Annotations:
D:3 Sigmund


Innate Abilities, Weirdness & Mutations

You are resistant to torment.
Your stone body is resilient. (AC +4)
You are immune to poison.
You resist negative energy. (rN+)
You are resistant to electric shocks. (rElec)
You can survive without breathing.
You are immune to petrification.
You are immune to rotting.


Message History

You can't see any susceptible monsters within range! (Use Z to cast anyway.)
Casting: Sandblast (safe; 2% risk of failure)
Confirm with . or Enter, or press ? or * to list all spells.
Aiming: Sandblast (safe; 2% risk of failure)
Press: ? - help, Shift-Dir - straight line, f/p - Sigmund
Aim: Sigmund, wielding a +0 scythe and wearing a +0 robe (lightly wounded)
The blast of sand hits Sigmund!
Sigmund is moderately wounded.
b - 89 stones Sigmund gestures wildly while chanting.
Sigmund flickers and vanishes!
Deactivating autopickup; reactivate with Ctrl-A.
Something hits you. Something hits you!
* * * LOW HITPOINT WARNING * * *
You miss something. Something hits you.
* * * LOW HITPOINT WARNING * * *
Something hits you!
You die...

### ########## ### #...#
#......... ..# ##.# #.##.########
..###########.# #.#.#########..
#............#.#####.........$...
...........).##...{........†.....
.###....<..#.###@.##..##..##.....
.# #.####...#.#...#.#.##..###.#..
.# #.# #.##.#.#...##.##..# .#..
.# #.####.###.....###.....# .# .
.###....<.# #.............. ..
.#.....######.....###....... .?
.#.....# #.......###.......
.......####..)............###
.#.......##.......###


There were no monsters in sight!

Vanquished Creatures
  Jessica (D:2)
  Natasha (twice) (D:3)
  2 adders
  2 dart slugs
  2 leopard geckos
  2 goblins
  3 hobgoblins (D:1)
  7 jackals (D:3)
  7 kobolds
  A ball python (D:1)
  4 bats
  3 frilled lizards
  4 rats (D:1)
40 creatures vanquished.

Vanquished Creatures (others)
  A plant (D:2)
1 creature vanquished.

Grand Total: 41 creatures vanquished

Notes
Turn   | Place    | Note
-------+----------+-------------------------------------------
     0 | D:1      | mkm the Gargoyle Earth Elementalist began the quest for the
                  | Orb.
     0 | D:1      | Reached XP level 1. HP: 10/10 MP: 3/3
   172 | D:1      | Reached XP level 2. HP: 10/15 MP: 1/5
   261 | D:1      | Reached skill level 4 in Earth Magic
  1206 | D:2      | Reached XP level 3. HP: 19/19 MP: 2/6
  1213 | D:2      | Learned a level 3 spell: Stone Arrow
  1524 | D:2      | Noticed Jessica
  1922 | D:2      | Killed Jessica
  1922 | D:2      | Reached skill level 1 in Conjurations
  1922 | D:2      | Reached XP level 4. HP: 16/24 MP: 5/8
  2588 | D:3      | Noticed Natasha
  2596 | D:3      | Killed Natasha
  2596 | D:3      | Reached skill level 5 in Earth Magic
  2686 | D:3      | Noticed Natasha
  2691 | D:3      | Killed Natasha
  2691 | D:3      | Reached XP level 5. HP: 20/28 MP: 3/10
  2792 | D:3      | Noticed Sigmund
  2822 | D:3      | Slain by Sigmund

Illustrated notes

Levels and vault maps discovered:
D:1:      lightli_arrival_noodles, layout_loops_ring, roderic_st_hans_cross
D:2:      cheibrodos_old_hovel, layout_basic, uniq_jessica
D:3:      layout_loops_ring, nicolae_overflow_crystal_walls, corexii_shack,
          nicolae_ru_great_annihilating_truth, uniq_natasha, uniq_ijyb,
          uniq_sigmund

Skill      XL: |  1  2  3  4 |
---------------+-------------+-----
Earth Magic    | 4 5 |  5.1
Spellcasting   | 3 |  3.3
Conjurations   | 1 2 |  2.1
Dodging        | |  1.5
Stealth        | |  2.1
Transmutations | |  0.7

Action                   |  1- 3 |  4- 6 || total
-------------------------+-------+-------++-------
Melee: Unarmed           |     9 |       ||     9
       Short sword       |     5 |       ||     5
       Dagger            |       |     2 ||     2
 Cast: Sandblast         |    43 |    22 ||    65
       Stone Arrow       |       |     4 ||     4
Armor: Robe              |     8 |     6 ||    14
Dodge: Dodged            |    20 |     7 ||    27

Table legend: (Time is in decaauts)
 A = Elapsed time spent in this place.
 B = Non-inter-level travel time spent in this place.
 C = Inter-level travel time spent in this place.
 D = Time resting spent in this place.
 E = Time spent auto-exploring this place.
 F = Levels seen in this place.
 G = Mean time per level.
                   A        B        C        D        E       F      G
               +--------+--------+--------+--------+--------+-----+--------+
         Total |   2829 |   2754 |     75 |    736 |   1386 |   3 |  943.0 |
       Dungeon |   2829 |   2754 |     75 |    736 |   1386 |   3 |  943.0 |
               +--------+--------+--------+--------+--------+-----+--------+

Top non-repeatable levels by time:
     D:1: 1164 daAuts
     D:2: 1069 daAuts
     D:3: 595 daAuts
